AoeStats
← zarrgunss

Arena

508537804Analyzed
3v3 RM · 9d ago on Sep 22, 2026· 51m 28s· 6 players
Game mode
Random Map
Map size
Normal (6 player)
Population
200
Speed
Normal
Resources
Standard
Victory
Conquest
Starting age
Dark Age
Ending age
Imperial Age
RankedLock teamsTeams togetherTeam positionsShared explorationLock speedFull tech treeHidden civsTurbo modeCheats
Victory
Defeat
🇵🇪 Lithuanians · Peru
833
+15
🇧🇷 Mongols · Brazil
798
+16
🇪🇸 Goths · Spain
787
+16
🇧🇴 Burmese · Bolivia
839
-17
🇧🇴 Tatars · Bolivia
788
-15
🇧🇴 Random · Bolivia
773
-15
Bredark
0:43 Loom
10:37 Feudal Age
12:49 Wheelbarrow
20:05 Castle Age
18:25 Double-Bit Axe
19:21 Forging
19:07 Horse Collar
19:45 Stone Mining
20:17 Gold Mining
24:04 Bloodlines
27:49 Husbandry
28:15 Hand Cart
29:30 Scale Mail Armor
30:01 Scale Barding Armor
30:10 Elite Skirmisher
31:45 Thumb Ring
31:44 Pikeman
33:03 Iron Casting
34:08 Gold Shaft Mining
33:57 Squires
34:21 Town Watch
36:20 Chain Barding Armor
36:01 Padded Archer Armor
36:25 Ballistics
36:03 Murder Holes
38:48 Leather Archer Armor
41:41 Fletching
44:26 Imperial Age
41:59 Caravan
42:59 Bodkin Arrow
43:20 Chain Mail Armor
42:54 Arson
46:11 Blast Furnace
45:13 Bracer
45:46 Plate Mail Armor
46:21 Chemistry
45:18 Capped Ram
47:31 Siege Ram
49:28 Siege Engineers
51:18 Parthian Tactics
Tolo
0:28 Loom
11:18 Feudal Age
12:43 Wheelbarrow
11:58 Double-Bit Axe
16:26 Horse Collar
20:46 Castle Age
20:33 Gold Mining
20:36 Stone Mining
23:29 Caravan
25:46 Hand Cart
26:44 Stone Shaft Mining
30:42 Imperial Age
28:56 Bow Saw
32:24 Scale Barding Armor
32:20 Scale Mail Armor
32:20 Padded Archer Armor
32:11 Fletching
32:32 Forging
33:25 Two-Man Saw
32:38 Heavy Plow
34:37 Chemistry
34:33 Conscription
33:46 Pikeman
34:26 Squires
33:47 Man-at-Arms
34:54 Chain Barding Armor
34:49 Chain Mail Armor
34:50 Leather Archer Armor
34:36 Halberdier
35:51 Perfusion
37:13 Bodkin Arrow
37:55 Iron Casting
36:58 Long Swordsman
43:31 Two-Handed Swordsman
50:32 Spies/Treason
zarrgunss
10:05 Feudal Age
10:33 Double-Bit Axe
16:09 Castle Age
18:16 Forging
18:11 Loom
19:22 Wheelbarrow
19:28 Wheelbarrow
20:03 Bloodlines
21:43 Husbandry
21:58 Fletching
24:27 Bow Saw
25:07 Gold Mining
25:07 Stone Mining
28:08 Scale Barding Armor
28:40 Iron Casting
29:47 Horse Collar
34:22 Imperial Age
34:30 Imperial Age
31:40 Elite Skirmisher
33:57 Hand Cart
33:27 Town Watch
34:26 Chain Barding Armor
34:07 Padded Archer Armor
34:03 Bodkin Arrow
34:36 Ballistics
34:29 Masonry
33:53 Light Cavalry
34:27 Pikeman
35:31 Squires
35:45 Heavy Plow
36:30 Stone Shaft Mining
37:21 Plate Barding Armor
36:48 Scale Mail Armor
38:39 Chemistry
40:05 Chain Mail Armor
39:50 Bracer
39:42 Winged Hussar
39:59 Halberdier
40:51 Tower Shields
46:02 Leather Archer Armor
45:55 Arson
48:51 Crop Rotation
48:54 Architecture
48:15 Capped Ram
HSSSJA
1:23 Loom
12:24 Feudal Age
18:46 Castle Age
28:55 Arson
30:30 Squires
32:38 Ballistics
32:29 Fortified Wall
31:44 Pikeman
31:55 Man-at-Arms
Polsters73
11:08 Feudal Age
16:55 Loom
19:15 Castle Age
17:31 Horse Collar
18:59 Double-Bit Axe
25:53 Forging
25:32 Pikeman
29:39 Bow Saw
33:09 Imperial Age
31:15 Heavy Plow
33:20 Squires
33:16 Fletching
33:27 Scale Mail Armor
33:57 Gold Mining
34:03 Stone Mining
34:21 Halberdier
34:58 Gambesons
35:07 Gambesons
36:24 Conscription
37:10 Two-Man Saw
41:17 Chemistry
ARJ
7:06 Loom
9:36 Feudal Age
17:39 Castle Age
15:59 Horse Collar
19:51 Wheelbarrow
21:42 Forging
25:08 Bloodlines
24:59 Husbandry
29:30 Town Watch
32:33 Imperial Age
30:22 Heavy Plow
31:17 Scale Barding Armor
32:07 Iron Casting
33:13 Chain Barding Armor
34:13 Howdah
34:36 Conscription
35:27 Chemistry
36:13 Plate Barding Armor
36:30 Elite Battle Elephant
41:48 Scale Mail Armor
42:50 Blast Furnace
41:56 Squires
41:43 Gambesons
41:18 Man-at-Arms
Connection lost

Rejoining the realm…

Still unreachable

The connection could not be restored.

Session expired

The server has moved on; the page needs a fresh start.